 Dungeon Crawl Stone Soup version 0.31-a0-455-g1a7b003ef0 (webtiles) character file.

Game seed: 4143947630711131536

43 chunkyMonkey the Grave Robber (level 3, -2/27 HPs)
             Began as a Demigod Necromancer on Aug 3, 2023.
             Slain by a gnoll
             ... wielding a +0 flail
              (6 damage)
             ... on level 2 of the Dungeon.
             The game lasted 00:04:00 (1704 turns).

chunkyMonkey the Grave Robber (Demigod Necromancer) Turns: 1704, Time: 00:04:01

Health: -2/27      AC:  4    Str: 13    XL:     3   Next: 20%
Magic:  2/8        EV: 12    Int: 17    God:
Gold:   85         SH:  0    Dex: 14    Spells: 2/6 levels left

rFire   . . .        f - +0 hand axe
rCold   . . .        (no shield)
rNeg    + . .        j - +0 leather armour
rPois   .            (no helmet)
rElec   .            (no cloak)
rCorr   .            l - +0 pair of gloves
SInv    .            (no boots)
Will    .....        (no amulet)
Stlth   ++           a - ring of positive energy
HPRegen 0.24/turn    (no ring)
MPRegen 0.11/turn

%: no passive effects
@: no status effects
A: high MP 1, forlorn, divine attributes
a: no special abilities


You were on level 2 of the Dungeon.
You visited 1 branch of the dungeon, and saw 2 of its levels.

You collected 85 gold pieces.

Inventory:

Hand Weapons
 f - a +0 hand axe (weapon)
Missiles
 e - 8 poisoned darts
Armour
 j - a +0 leather armour (worn)
 l - a +0 pair of gloves (worn)
 m - a +0 plate armour of fire resistance
Jewellery
 a - a ring of positive energy (left hand)
Scrolls
 g - 2 scrolls of teleportation
Potions
 b - a potion of magic
 c - a potion of heal wounds
 d - a potion of haste {unknown}
 h - a potion of lignification {unknown}
 i - a potion of mutation {unknown}
 k - a potion of ambrosia {unknown}


   Skills:
 + Level 0.8 Fighting
 * Level 1.3 Armour
 + Level 2.1 Dodging
 - Level 2.0 Stealth
 + Level 2.0 Spellcasting
 + Level 3.7 Necromancy


You had 2 spell levels left.
You knew the following spells:

 Your Spells              Type           Power      Damage    Failure   Level
a - Necrotise             Necr           56%        1d6       5%          1
b - Vampiric Draining     Necr           14%        2d7       16%         3

Your spell library contained the following spells:

 Spells                   Type           Power      Damage    Failure   Level
 Animate Dead             Necr           14%        N/A       45%         4
 Agony                    Necr           14%        N/A       82%         5


Dungeon Overview and Level Annotations

Branches:
Dungeon (2/15)


Innate Abilities, Weirdness & Mutations

You have an increased reservoir of magic. (+10% MP)
You shall have no god before yourself.
Your divine heritage dramatically boosts your attributes as you level up.


Message History

Casting: Necrotise (safe; 5% risk of failure)
Confirm with . or Enter, or press ? or * to list all spells.
Aiming: Necrotise (safe; 5% risk of failure)
Press: ? - help, Shift-Dir - straight line, f/p - gnoll
Aim: a gnoll, wielding a +0 flail and quivering a throwing net (moderately wounded, ally target, chance to affect: 78%)
The gnoll writhes in agony.
A gnoll comes into view. It is wielding a +0 spear.
Casting: Necrotise (safe; 5% risk of failure)
Confirm with . or Enter, or press ? or * to list all spells.
Aiming: Necrotise (safe; 5% risk of failure)
Press: ? - help, Shift-Dir - straight line, f/p - gnoll
Aim: a gnoll, wielding a +0 flail and quivering a throwing net (moderately wounded, ally target, chance to affect: 78%)
The gnoll barely resists.
Your goblin skeleton hits the gnoll but does no damage.
Casting: Necrotise (safe; 5% risk of failure)
Confirm with . or Enter, or press ? or * to list all spells.
Aiming: Necrotise (safe; 5% risk of failure)
Press: ? - help, Shift-Dir - straight line, f/p - gnoll
Aim: a gnoll, wielding a +0 flail and quivering a throwing net (moderately wounded, ally target, chance to affect: 78%)
The gnoll writhes in agony.
The gnoll barely misses you.
Your goblin skeleton hits the gnoll but does no damage.
The gnoll attacks as you move away! The gnoll hits you with a +0 flail!
The gnoll attacks as you move away! The gnoll misses you.
Your goblin skeleton barely misses the gnoll.
Casting: Necrotise (safe; 5% risk of failure)
Confirm with . or Enter, or press ? or * to list all spells.
Aiming: Necrotise (safe; 5% risk of failure)
Press: ? - help, Shift-Dir - straight line, f/p - gnoll
Aim: a gnoll, wielding a +0 flail and quivering a throwing net (moderately wounded, ally target, chance to affect: 78%)
The gnoll writhes in agony.
The gnoll hits you with a +0 flail.
Casting: Necrotise (safe; 5% risk of failure)
Confirm with . or Enter, or press ? or * to list all spells.
Aiming: Necrotise (safe; 5% risk of failure)
Press: ? - help, Shift-Dir - straight line, f/p - gnoll
Aim: a gnoll, wielding a +0 flail and quivering a throwing net (severely wounded, chance to affect: 78%)
The gnoll writhes in agony.
The gnoll hits you with a +0 flail!
* * * LOW HITPOINT WARNING * * *
The gnoll barely misses your goblin skeleton.
The gnoll attacks as you move away! The gnoll hits you with a +0 flail.
You die...

..# #...# # ..# #...# ####
.##◎### #...# #... #.###
.....# #...# #.##
......##.#.# #...# #.##
#...)..[.#######...#####.#.
#.#Z.#g....................
#..#.Z.g.................
#......g@................
#.$....######.....######.
##.##.## #.......# #.
......# #.......# ##
###.#### #.......# # #
##.....## ### ########...##
#.. ######.....##>..### #>#
#.......##........####.#


You could see 3 gnolls and a friendly goblin skeleton.

Vanquished Creatures
  An adder (D:2)
  2 dart slugs
  6 ball pythons
  2 bats (D:1)
  A giant cockroach (D:1)
  2 goblins
  2 hobgoblins (D:1)
  4 jackals (D:2)
  A kobold (D:1)
  A quokka (D:1)
  3 frilled lizards
  2 rats (D:1)
27 creatures vanquished.

Vanquished Creatures (collateral kills)
  A rat (D:2)
1 creature vanquished.

Grand Total: 28 creatures vanquished

Notes
Turn   | Place    | Note
-------+----------+-------------------------------------------
     0 | D:1      | chunkyMonkey the Demigod Necromancer began the quest for
                  | the Orb.
     0 | D:1      | Reached XP level 1. HP: 14/14 MP: 5/5
   315 | D:1      | Reached XP level 2. HP: 22/22 MP: 4/7
   710 | D:1      | Reached skill level 1 in Armour
  1267 | D:2      | Reached XP level 3. HP: 27/27 MP: 6/8
  1601 | D:2      | Learned a level 3 spell: Vampiric Draining
  1704 | D:2      | Slain by a gnoll

Illustrated notes

Levels and vault maps discovered:
D:1:      mrwooster_arrival_statue, layout_basic
D:2:      layout_loops_cross

Skill      XL: |  1  2 |
---------------+-------+-----
Dodging        | 2 |  2.1
Armour         | 1 |  1.3
Spellcasting   | 2 |  2.0
Stealth        | 2 |  2.0
Fighting       | |  0.8
Necromancy     | |  3.7

Action                     || total
---------------------------++-------
  Melee: Hand axe          ||    19
   Cast: Necrotise         ||    46
    Use: Scroll            ||     4
 Armour: Robe              ||     7
         Leather armour    ||     4
  Dodge: Dodged            ||    22

Table legend: (Time is in decaauts)
 A = Elapsed time spent in this place.
 B = Non-inter-level travel time spent in this place.
 C = Inter-level travel time spent in this place.
 D = Time resting spent in this place.
 E = Time spent auto-exploring this place.
 F = Levels seen in this place.
 G = Mean time per level.
                   A        B        C        D        E       F      G
               +--------+--------+--------+--------+--------+-----+--------+
         Total |   1708 |   1662 |     46 |     18 |   1372 |   2 |  854.0 |
       Dungeon |   1708 |   1662 |     46 |     18 |   1372 |   2 |  854.0 |
               +--------+--------+--------+--------+--------+-----+--------+

Top non-repeatable levels by time:
     D:1: 1110 daAuts
     D:2: 598 daAuts
